 Dungeon Crawl Stone Soup version 0.29.1-15-g9cfb28693d (webtiles) character file.

Game seed: 537860815263405061

46 BiteMe the Firebug (level 3, -9/24 HPs)
             Began as a Demonspawn Fire Elementalist on Feb 26, 2023.
             Mangled by a gnoll
             ... wielding a +0 halberd
              (10 damage)
             ... on level 2 of the Dungeon.
             The game lasted 00:08:59 (1994 turns).

BiteMe the Firebug (Demonspawn Fire Elementalist)   Turns: 1994, Time: 00:08:59

Health: -9/24      AC:  2    Str:  8    XL:     3   Next: 46%
Magic:  2/6        EV: 12    Int: 18    God:
Gold:   80         SH:  0    Dex: 13    Spells: 3/6 levels left

rFire   . . .      SeeInvis .   f - +0 spear (vamp)
rCold   . . .      Faith    .   (no shield)
rNeg    . . .      Spirit   .   a - +0 robe
rPois   .          Reflect  .   (no helmet)
rElec   .          Harm     .   (no cloak)
rCorr   .          Rampage  .   (no gloves)
Will    .....                   (no boots)
Stlth   ++........              (no amulet)
HPRegen 0.08/turn               (no ring)
MPRegen 0.20/turn               (no ring)

@: mighty
A: magic regeneration
a: no special abilities


You were on level 2 of the Dungeon.
You visited 1 branch of the dungeon, and saw 2 of its levels.

You collected 80 gold pieces.

Inventory:

Hand Weapons
 d - a +0 sling
 e - a +0 short sword
 f - a +0 vampiric spear (weapon)
Armour
 a - a +0 robe (worn)
Scrolls
 c - 2 scrolls of amnesia {unknown}
 g - 2 scrolls of identify {unknown}
 j - 2 scrolls of teleportation {unknown}
Potions
 b - 2 potions of magic
 i - a potion of ambrosia {unknown}


   Skills:
 + Level 1.9 Dodging
 - Level 2.0 Stealth
 + Level 2.3 Spellcasting
 + Level 1.7 Conjurations
 + Level 3.4 Fire Magic


You had 3 spell levels left.
You knew the following spells:

 Your Spells              Type           Power      Damage    Failure   Level
a - Foxfire               Conj/Fire      44%        2x1d6     6%          1
b - Scorch                Fire           28%        2d6       6%          2

Your spell library contained the following spells:

 Spells                   Type           Power      Damage    Failure   Level
 Conjure Flame            Conj/Fire      11%        6-21      19%         3
 Inner Flame              Hex/Fire       8%         N/A       26%         3
 Flame Wave               Conj/Fire      11%        2d6       52%         4


Dungeon Overview and Level Annotations

Branches:
Dungeon (2/15)

Altars:
Qazlal


Innate Abilities, Weirdness & Mutations

You regenerate magic rapidly.


Message History

A gnoll comes into view. It is wielding a +0 halberd.
The foxfire hits the gnoll.
The gnoll is severely wounded.
The foxfire hits the gnoll.
You kill the gnoll!
You have reached level 3!
Your experience leads to an increase in your attributes!
Increase (S)trength, (I)ntelligence, or (D)exterity?
You feel clever. x2
Casting: Foxfire (safe; 7% risk of failure)
Press: ? - help, Q - select action, (/) - cycle Dir - look around, f - activate You conjure some foxfire!
A rat comes into view.
The foxfire hits the gnoll.
The gnoll is moderately wounded.
The foxfire hits the gnoll.
The gnoll is moderately wounded.
Casting: Foxfire (safe; 7% risk of failure)
Press: ? - help, Q - select action, (/) - cycle Dir - look around, f - activate You conjure some foxfire!
The foxfire hits the gnoll.
The gnoll is heavily wounded.
The foxfire hits the gnoll.
The gnoll is severely wounded.
Casting: Foxfire (safe; 7% risk of failure)
Press: ? - help, Q - select action, (/) - cycle Dir - look around, f - activate You conjure some foxfire!
The gnoll hits you from afar with a +0 halberd!
The gnoll barely misses you.
The foxfire hits the gnoll.
The gnoll is almost dead.
The foxfire hits the gnoll.
You kill the gnoll!
The gnoll hits you from afar with a +0 halberd!
Ouch! That really hurt!
* * * LOW HITPOINT WARNING * * *
It was a potion of might.
You feel very mighty all of a sudden.
The gnoll hits you from afar with a +0 halberd!
You die...

####.:###.#
#.........#
#.....)...#
##.........#
...)...._..#
.....).....#
........r..#
###..(..g..#
#..)....@#
#........#
########.#
#.# #.# #.#
#.# #.#


You could see a gnoll and a rat.

Vanquished Creatures
  2 gnolls (D:2)
  2 dart slugs (D:1)
  5 bats
  An endoplasm (D:1)
  4 goblins (D:1)
  3 hobgoblins (D:1)
  2 jackals (D:1)
  2 frilled lizards (D:1)
  3 rats (D:1)
24 creatures vanquished.

Vanquished Creatures (others)
  64 foxfires
64 creatures vanquished.

Grand Total: 88 creatures vanquished

Notes
Turn   | Place    | Note
-------+----------+-------------------------------------------
     0 | D:1      | BiteMe the Demonspawn Fire Elementalist began the quest for
                  | the Orb.
     0 | D:1      | Reached XP level 1. HP: 13/13 MP: 3/3
   267 | D:1      | Reached skill level 3 in Fire Magic
   280 | D:1      | Gained mutation: You regenerate magic rapidly. [demonic
                  | ancestry]
   280 | D:1      | Reached XP level 2. HP: 17/19 MP: 0/5
  1736 | D:1      | Learned a level 2 spell: Scorch
  1978 | D:2      | Found a stormy altar of Qazlal.
  1985 | D:2      | Reached XP level 3. HP: 24/24 MP: 3/6
  1993 | D:2      | HP: 1/24 [gnoll/+0 halberd (12)]
  1994 | D:2      | Mangled by a gnoll

Illustrated notes

Levels and vault maps discovered:
D:1:      psy_arrival_radial01, layout_loops_cross
D:2:      layout_rooms, basic_altar

Skill      XL: |  1  2 |
---------------+-------+-----
Fire Magic     | 3 |  3.4
Stealth        | 2 |  2.0
Dodging        | |  1.9
Spellcasting   | |  2.3
Conjurations   | |  1.7

Action                   || total
-------------------------++-------
Melee: Spear             ||     6
 Cast: Foxfire           ||    40
  Use: Potion            ||     1
Armor: Robe              ||     6
Dodge: Dodged            ||     9
